 Dungeon Crawl Stone Soup version 0.22-a0-247-gbddf880757 (webtiles) character file.

21 M4edhros the Grave Robber (level 2, -1/17 HPs)
             Began as an Octopode Necromancer on Feb 25, 2018.
             Slain by a leopard gecko (5 damage)
             ... on level 2 of the Dungeon.
             The game lasted 00:01:18 (257 turns).

M4edhros the Grave Robber (Octopode Necromancer)     Turns: 257, Time: 00:01:18

Health: -1/17      AC:  1    Str:  7    XL:     2   Next: 83%
Magic:  1/5        EV: 13    Int: 17    God:
Gold:   33         SH:  0    Dex: 12    Spells: 3/5 levels left

rFire    . . .     SeeInvis .     - Unarmed
rCold    . . .     Gourm    .   (no shield)
rNeg     . . .     Faith    .   (helmet restricted)
rPois    .         Spirit   .   (no amulet)
rElec    .         Reflect  .   (no ring)
rCorr    .         Harm     .   (no ring)
MR       .....                  (no ring)
Stlth    +++.......             (no ring)
HPRegen  0.05/turn              (no ring)
MPRegen  0.09/turn              (no ring)
                                (no ring)
                                (no ring)

@: no status effects
A: almost no armour, stealthy swim, amphibious, 8 rings, constrict 8, camouflage
1, gelatinous body 1
a: no special abilities


You were on level 2 of the Dungeon.
You were not hungry.

You visited 1 branch of the dungeon, and saw 2 of its levels.

You collected 33 gold pieces.

Inventory:

Scrolls
 c - a scroll of remove curse {unknown}
 f - 2 scrolls of teleportation {unknown}
Potions
 d - a potion of might {unknown}
 e - a potion of curing {unknown}
Comestibles
 a - a ration
 b - 6 chunks of flesh


   Skills:
 - Level 2.0 Dodging
 - Level 2.6 Stealth
 + Level 2.3 Unarmed Combat
 - Level 2.0 Spellcasting
 - Level 4.0 Necromancy


You had 3 spell levels left.
You knew the following spells:

 Your Spells              Type           Power        Failure   Level  Hunger
a - Pain                  Necr           ###.         3%          1    #......
b - Animate Skeleton      Necr           N/A          3%          1    #......


Dungeon Overview and Level Annotations

Branches:
Dungeon (2/15)

Altars:


Innate Abilities, Weirdness & Mutations

You cannot wear most types of armour.
You are very stealthy in the water. (Stealth+)
You are amphibious.
You can wear up to eight rings at the same time.
You can use your tentacles to constrict eight enemies at once.
Your skin changes colour to match your surroundings (Stealth+).
Your rubbery body absorbs attacks. (AC +1, EV +1)


Message History

The goblin shouts!
The goblin writhes in agony!
You kill the goblin!
The leopard gecko hisses angrily.
The leopard gecko hisses menacingly.
Casting: Pain (safe; 3% risk of failure)
Confirm with . or Enter, or press ? or * to list all spells.
Aiming: Pain (safe; 3% risk of failure)
Press: ? - help, Shift-Dir - straight line, f - bat
Aim: a bat (chance to defeat MR: 85%)
The bat writhes in agony!
You kill the bat!
You closely miss the bat. Your grab misses the bat. The bat barely misses you.
Your ball python skeleton closely misses the leopard gecko.
Your ball python skeleton grabs the leopard gecko.
Your ball python skeleton constricts the leopard gecko.
You barely miss the leopard gecko.
The leopard gecko is moderately wounded.
The leopard gecko bites you.
You die...

# ##.##.####### ....
....... ... .# #...#
..##.# #...## .##..#
#...>### ....# ##......#
....###....##.####
........#####.ZZ@#
.....#### ####l# .....#
#$....b.....#
.....######.b..†......#
.........##......)....#
.....#...##.............
.....#....#...........#.
......................#
.....###..#...........#


You could see a leopard gecko, a bat, a friendly leopard gecko skeleton and a
friendly ball python skeleton.

Vanquished Creatures
  An ooze (D:1)
  A dart slug (D:1)
  A leopard gecko (D:2)
  2 hobgoblins (D:1)
  A kobold (D:1)
  A quokka (D:2)
  A ball python (D:2)
  2 bats (D:2)
  3 goblins
  2 rats (D:1)
15 creatures vanquished.

Notes
Turn   | Place    | Note
-------+----------+-------------------------------------------
     0 | D:1      | M4edhros the Octopode Necromancer began the quest for the Orb.
     0 | D:1      | Reached XP level 1. HP: 11/11 MP: 3/3
    43 | D:1      | Learned a level 1 spell: Animate Skeleton
    53 | D:1      | Reached skill level 1 in Unarmed Combat
    83 | D:1      | Reached XP level 2. HP: 13/17 MP: 0/5
   257 | D:2      | Slain by a leopard gecko

Vault maps used:
D:1:      minmay_arrival_wavy_path, corexii_hall_statues_l,
          nemelex_diamond_rough_becter
D:2:      st_stairs_5

Skill      XL: |  1  2 |
---------------+-------+-----
Unarmed Combat | 1 2 |  2.3
Dodging        | |  2.0
Stealth        | |  2.6
Spellcasting   | |  2.0
Necromancy     | |  4.0

Action                   || total
-------------------------++-------
Melee: Unarmed           ||    19
       Constrict         ||     4
 Cast: Pain              ||    15
       Animate Skeleton  ||     4
 Stab: Distracted        ||     1
Armor: Skin              ||     1
Dodge: Dodged            ||    10

Table legend:
 A = Spawn XP
 B = Non-spawn XP
 C = Spawn XP percentage of total XP
 D = Spawn monster count
 E = Non-spawn monster count
 F = Spawn count percentage of total count
 G = Total turns spent on level
                    A         B        C        D         E        F      G
               +---------+---------+-------+---------+---------+-------+---------
         Total |       0 |      30 |   0.0 |       0 |      15 |   0.0 |   257
               +---------+---------+-------+---------+---------+-------+---------
           D:1 |       0 |      21 |   0.0 |       0 |       9 |   0.0 |   173
           D:2 |       0 |       9 |   0.0 |       0 |       6 |   0.0 |    84
               +---------+---------+-------+---------+---------+-------+---------
